Worcester Sharks vs Texas Stars

Created - 16 mars 2018 at 18:25

Goals
1 2 3 T
Worcester Sharks 1 1 0 2
Texas Stars 0 3 1 4
Shots
1 2 3 T
Worcester Sharks 15 12 12 39
Texas Stars 10 17 7 34

1st period

1. Worcester Sharks , Michael Raffl 25 (Chad Ruhwedel 24) at 13:41

Penalties :
No Penalty

2nd period

2. Texas Stars , Michael Bournival 26 (Alan Quine 29, Phil Varone 40) at 0:23
3. Texas Stars , Alan Quine 32 (Phil Varone 41, Luke Witkowski 24) at 14:14
4. Texas Stars , Jiri Hudler 39 (Mike Sislo 29) at 14:42
5. Worcester Sharks , Andreas Johnsson 19 (Micheal Haley 25, Shea Theodore 44) at 17:31

Penalties :
Micheal Haley (SRK) for Holding (Minor) at 6:25

3rd period

6. Texas Stars , Brooks Laich 21 (Rob Scuderi 3, Luke Witkowski 25) at 18:49

Penalties :
Luke Witkowski (STA) for Boarding (Minor) at 15:58

Goalie Stats

Casey DeSmith (SRK), 30 saves from 34 shots - (0,882), L, 32-18-3, 60:00 minutes
Malcolm Subban (STA), 37 saves from 39 shots - (0,949), W, 29-25-5, 60:00 minutes

Players Stats for Worcester Sharks

Player Name              G  A  P  +/- PIM S  H  SB GA TA FO     MP     PP MP  PK MP  
------------------------------------------------------------------------------------
Andreas Johnsson         1  0  1   0  0   3  0  0  1  1  0/2    16:06   0:12   0:00 
Brett Kulak              0  0  0   1  0   0  0  1  1  0  0/0    18:33   1:02   0:57 
Chad Ruhwedel            0  1  1   1  0   1  0  1  1  1  0/0    18:33   1:02   0:57 
Corban Knight            0  0  0   0  0   1  0  0  2  0  3/5    16:11   0:00   0:36 
David Musil              0  0  0   0  0   0  0  0  0  0  0/0     6:04   0:00   0:00 
Frank Corrado            0  0  0  -1  0   0  0  0  0  0  0/0    11:50   0:00   0:00 
Jim O'Brien              0  0  0  -2  0   4  3  1  1  0  0/0    17:44   0:54   0:00 
John McCarthy            0  0  0  -2  0   2  0  0  0  0  5/11   19:02   0:54   0:43 
Michael Raffl            1  0  1   0  0   11 1  1  1  0  2/4    23:33   0:53   1:07 
Micheal Haley            0  1  1   1  2   0  1  1  1  0  0/1    14:58   0:00   0:00 
Mirco Mueller            0  0  0  -1  0   0  0  1  0  1  0/0    11:50   0:00   0:00 
Nelson Nogier            0  0  0   0  0   0  0  0  0  0  0/0     6:04   0:00   0:00 
Nikita Jevpalovs         0  0  0   0  0   0  0  0  0  0  2/4     6:09   0:00   0:00 
Reid McNeill             0  0  0   0  0   0  0  0  0  0  0/0     0:00   0:00   0:00 
Remi Elie                0  0  0  -1  0   0  0  0  0  0  0/0     8:02   0:00   0:00 
Shea Theodore            0  1  1  -2  0   6  1  1  1  0  0/0    23:33   0:57   1:02 
T.J. Hensick             0  0  0   0  0   4  1  1  1  0  12/32  19:42   1:05   1:13 
Teddy Purcell            0  0  0  -2  0   3  0  0  1  0  0/1    17:45   0:54   0:00 
Travis Boyd              0  0  0   0  0   3  3  1  2  2  2/3    18:48   1:05   0:19 
Tyson Strachan           0  0  0  -2  0   1  0  3  1  2  0/0    23:33   0:57   1:02 

Players Stats for Texas Stars

Player Name              G  A  P  +/- PIM S  H  SB GA TA FO     MP     PP MP  PK MP  
------------------------------------------------------------------------------------
Alan Quine               1  1  2   3  0   4  0  1  1  1  0/1    20:10   0:56   0:27 
Brad Hunt                0  0  0   3  0   5  0  1  0  1  0/0    26:54   1:22   0:59 
Brooks Laich             1  0  1   1  0   4  2  0  0  2  2/5    14:20   0:00   0:00 
Craig Cunningham         0  0  0   1  0   1  3  1  1  1  2/2    18:58   1:03   0:58 
Danick Martel            0  0  0   0  0   0  0  0  0  0  0/0     9:03   0:00   0:31 
Derrick Pouliot          0  0  0  -1  0   0  0  3  0  1  0/0    19:13   0:37   1:00 
Garnet Hathaway          0  0  0   0  0   2  1  1  0  0  0/0    14:50   0:00   0:42 
Jiri Hudler              1  0  1  -1  0   2  2  0  1  2  18/29  23:52   1:03   0:53 
Joseph Cramarossa        0  0  0  -2  0   1  0  0  0  0  1/3     6:58   0:00   0:00 
Josh Jacobs              0  0  0   0  0   0  1  1  0  0  0/0    14:25   0:00   0:32 
Luke Witkowski           0  2  2  -1  2   0  0  1  0  1  0/0    18:25   0:37   0:00 
Michael Bournival        1  0  1   2  0   2  1  1  0  1  1/1    11:41   0:56   0:00 
Michael Dal Colle        0  0  0  -2  0   1  0  0  0  0  0/0     6:58   0:00   0:00 
Mike Sislo               0  1  1   1  0   4  1  0  0  0  2/3    17:59   1:03   0:00 
Phil Varone              0  2  2   3  0   4  5  0  1  1  11/19  20:14   0:56   0:27 
Rob Scuderi              0  1  1   3  0   3  3  1  2  2  0/0    26:54   1:22   0:59 
Ryan Murphy              0  0  0   0  0   0  0  0  1  1  0/0    14:26   0:00   0:28 
Tobias Lindberg          0  0  0   0  0   1  1  0  0  0  0/0    12:40   0:00   0:00 

3 Stars

1 - Phil Varone (STA)
2 - Alan Quine (STA)
3 - Malcolm Subban (STA)

Power Play

Worcester Sharks - 0 on 1 Attempt(s) - 0,00%
Texas Stars - 0 on 1 Attempt(s) - 0,00%

Penalty Kill

Worcester Sharks - 1 on 1 Attempt(s) - 100,00% - Score 0 goal in Penalty Kill
Texas Stars - 1 on 1 Attempt(s) - 100,00% - Score 0 goal in Penalty Kill

Team Stat

Worcester Sharks - Hits : 10 - Faceoff Wins : 26 - Blocked Shots : 12 - Penalty Minutes : 2
Texas Stars - Hits : 20 - Faceoff Wins : 37 - Blocked Shots : 11 - Penalty Minutes : 2

Official

Referees : Wes McCauley and Kevin Pollock
Linesman : Matt MacPherson and Bryan Pancich

Game Notes

Michael Bournival is injured at 15:15 of 2nd period (Bruised Right Foot)

Finance

Level 1 -- Attendance: 1418 (70,90%) -- Ticket Income 49 630 $
Level 2 -- Attendance: 754 (75,40%) -- Ticket Income 11 310 $
Total Attendance: 2172 (72,40%)
Total Ticket Income: 60 940 $
Other Income: 29 861 $
Total Income: 90 801 $

Worcester Sharks

5 vs 5 Forward 
   Center                   Left Wing                Right Wing               Time % Phy DF OF 
 1 T.J. Hensick             Michael Raffl            Travis Boyd              40     1   2  2  
 2 John McCarthy            Teddy Purcell            Jim O'Brien              30     1   2  2  
 3 Corban Knight            Andreas Johnsson         Micheal Haley            20     1   2  2  
 4 Nikita Jevpalovs         Remi Elie                Michael Raffl            10     1   2  2  

5 vs 5 Defense 
   Defense                  Defense                                           Time % Phy DF OF 
 1 Shea Theodore            Tyson Strachan                                    40     1   2  2  
 2 Chad Ruhwedel            Brett Kulak                                       30     1   2  2  
 3 Mirco Mueller            Frank Corrado                                     20     1   2  2  
 4 David Musil              Nelson Nogier                                     10     1   2  2  

PowerPlay Forward 
   Center                   Left Wing                Right Wing               Time % Phy DF OF 
 1 T.J. Hensick             Michael Raffl            Travis Boyd              60     1   2  2  
 2 John McCarthy            Teddy Purcell            Jim O'Brien              40     1   2  2  

PowerPlay Defense
   Defense                  Defense                                           Time % Phy DF OF 
 1 Shea Theodore            Tyson Strachan                                    60     1   2  2  
 2 Chad Ruhwedel            Brett Kulak                                       40     1   2  2  

Penalty Kill 4 Players Forward 
   Center                   Wing                     Time % Phy DF OF 
 1 Michael Raffl            T.J. Hensick             60     1   2  2  
 2 Travis Boyd              John McCarthy            40     1   2  2  

Penalty Kill 4 Players Defense
   Defense                  Defense                  Time % Phy DF OF 
 1 Shea Theodore            Tyson Strachan           60     1   2  2  
 2 Chad Ruhwedel            Brett Kulak              40     1   2  2  

Penalty Kill - 3 Players Forward 
   Forward                                           Time % Phy DF OF 
 1 Michael Raffl                                     60     1   2  2  
 2 T.J. Hensick                                      40     1   2  2  

Penalty Kill - 3 Players Defense
   Defense                  Defense                  Time % Phy DF OF 
 1 Shea Theodore            Tyson Strachan           60     1   2  2  
 2 Chad Ruhwedel            Brett Kulak              40     1   2  2  

4 vs 4 Forward 
   Center                   Wing                     Time % Phy DF OF 
 1 Michael Raffl            T.J. Hensick             60     1   2  2  
 2 Travis Boyd              John McCarthy            40     1   2  2  

4 vs 4 Defense
   Defense                  Defense                  Time % Phy DF OF 
 1 Shea Theodore            Tyson Strachan           60     1   2  2  
 2 Chad Ruhwedel            Brett Kulak              40     1   2  2  

Last Minutes Offensive
   Center                   Left Wing                Right Wing               Defense                  Defense                  
   T.J. Hensick             Michael Raffl            Travis Boyd              Shea Theodore            Tyson Strachan           

Last Minutes Defensive
   Center                   Left Wing                Right Wing               Defense                  Defense                  
   T.J. Hensick             Michael Raffl            Travis Boyd              Shea Theodore            Tyson Strachan           

Goaltenders
Starting : Casey DeSmith            
Backup : Eric Comrie              

Extra Forwards
Normal : Andreas Johnsson, Remi Elie, Corban Knight - PP : Andreas Johnsson, Remi Elie - PK : Corban Knight
Extra Defensemen
Normal : Reid McNeill, Mirco Mueller, Frank Corrado - PP : Reid McNeill - PK : Mirco Mueller, Frank Corrado
Penalty Shots
Michael Raffl, T.J. Hensick, Travis Boyd, John McCarthy, Teddy Purcell

Scratches
Salaire Sharks (Healthy), Robin Kovacs (Healthy), Mitch Moroz (Healthy), Garret Ross (Healthy), Kenny Agostino (Healthy)
Reid Gardiner (Healthy), Kyle Platzer (Healthy)

Texas Stars

5 vs 5 Forward 
   Center                   Left Wing                Right Wing               Time % Phy DF OF 
 1 Jiri Hudler              Craig Cunningham         Mike Sislo               40     1   2  2  
 2 Phil Varone              Alan Quine               Michael Bournival        30     1   2  2  
 3 Brooks Laich             Garnet Hathaway          Tobias Lindberg          20     1   2  2  
 4 Joseph Cramarossa        Michael Dal Colle        Jiri Hudler              10     1   2  2  

5 vs 5 Defense 
   Defense                  Defense                                           Time % Phy DF OF 
 1 Rob Scuderi              Brad Hunt                                         40     1   2  2  
 2 Derrick Pouliot          Luke Witkowski                                    30     1   2  2  
 3 Ryan Murphy              Josh Jacobs                                       20     1   2  2  
 4 Rob Scuderi              Brad Hunt                                         10     1   2  2  

PowerPlay Forward 
   Center                   Left Wing                Right Wing               Time % Phy DF OF 
 1 Jiri Hudler              Craig Cunningham         Mike Sislo               60     1   2  2  
 2 Phil Varone              Alan Quine               Michael Bournival        40     1   2  2  

PowerPlay Defense
   Defense                  Defense                                           Time % Phy DF OF 
 1 Rob Scuderi              Brad Hunt                                         60     1   2  2  
 2 Derrick Pouliot          Luke Witkowski                                    40     1   2  2  

Penalty Kill 4 Players Forward 
   Center                   Wing                     Time % Phy DF OF 
 1 Jiri Hudler              Craig Cunningham         60     1   2  2  
 2 Phil Varone              Alan Quine               40     1   2  2  

Penalty Kill 4 Players Defense
   Defense                  Defense                  Time % Phy DF OF 
 1 Rob Scuderi              Brad Hunt                60     1   2  2  
 2 Derrick Pouliot          Luke Witkowski           40     1   2  2  

Penalty Kill - 3 Players Forward 
   Forward                                           Time % Phy DF OF 
 1 Jiri Hudler                                       60     1   2  2  
 2 Craig Cunningham                                  40     1   2  2  

Penalty Kill - 3 Players Defense
   Defense                  Defense                  Time % Phy DF OF 
 1 Rob Scuderi              Brad Hunt                60     1   2  2  
 2 Derrick Pouliot          Luke Witkowski           40     1   2  2  

4 vs 4 Forward 
   Center                   Wing                     Time % Phy DF OF 
 1 Jiri Hudler              Craig Cunningham         60     1   2  2  
 2 Phil Varone              Alan Quine               40     1   2  2  

4 vs 4 Defense
   Defense                  Defense                  Time % Phy DF OF 
 1 Rob Scuderi              Brad Hunt                60     1   2  2  
 2 Derrick Pouliot          Luke Witkowski           40     1   2  2  

Last Minutes Offensive
   Center                   Left Wing                Right Wing               Defense                  Defense                  
   Jiri Hudler              Craig Cunningham         Mike Sislo               Rob Scuderi              Brad Hunt                

Last Minutes Defensive
   Center                   Left Wing                Right Wing               Defense                  Defense                  
   Jiri Hudler              Craig Cunningham         Mike Sislo               Rob Scuderi              Brad Hunt                

Goaltenders
Starting : Malcolm Subban           
Backup : Richard Bachman          

Extra Forwards
Normal : Danick Martel, Brooks Laich, Garnet Hathaway - PP : Danick Martel, Brooks Laich - PK : Garnet Hathaway
Extra Defensemen
Normal : Ryan Murphy, Josh Jacobs, Derrick Pouliot - PP : Ryan Murphy - PK : Josh Jacobs, Derrick Pouliot
Penalty Shots
Jiri Hudler, Craig Cunningham, Phil Varone, Alan Quine, Brooks Laich

Scratches
Alex Schoenborn (Healthy), Luke Johnson (Healthy), Colin Blackwell (Healthy), Damir Sharipzianov (Healthy), Jacob Graves (Healthy)
Dustin Tokarski (Healthy)

% Time on Ice - Worcester Sharks

Lines # - Real PCT - Wanted PCT - Time Play
Normal Forward
1 - 32% - 40% - 17:53
2 - 32% - 30% - 18:02
3 - 25% - 20% - 13:58
4 - 11% - 10% - 6:09
Normal Defense
1 - 38% - 40% - 21:34
2 - 30% - 30% - 16:34
3 - 21% - 20% - 11:50
4 - 11% - 10% - 6:04
PP Forward
1 - 55% - 60% - 1:05
2 - 45% - 40% - 0:54
PP Defense
1 - 48% - 60% - 0:57
2 - 52% - 40% - 1:02
PK Forward
1 - 84% - 60% - 1:40
2 - 16% - 40% - 0:19
PK Defense
1 - 52% - 60% - 1:02
2 - 48% - 40% - 0:57
PK3 Forward
1 - 0% - 60%
2 - 0% - 40%
PK3 Defense
1 - 0% - 60%
2 - 0% - 40%
44 Forward
1 - 0% - 60%
2 - 0% - 40%
44 Defense
1 - 0% - 60%
2 - 0% - 40%
Last Minute Offensive  - 0:00
Last Minute Defensive  - 0:00
Total
Forward - 60:00
Defense - 60:00

% Time on Ice - Texas Stars

Lines # - Real PCT - Wanted PCT - Time Play
Normal Forward
1 - 31% - 40% - 17:09
2 - 34% - 30% - 19:15
3 - 23% - 20% - 12:40
4 - 12% - 10% - 6:58
Normal Defense
1 - 38% - 40% - 21:15
2 - 31% - 30% - 17:36
3 - 25% - 20% - 13:53
4 - 6% - 10% - 3:18
PP Forward
1 - 53% - 60% - 1:03
2 - 47% - 40% - 0:56
PP Defense
1 - 69% - 60% - 1:22
2 - 31% - 40% - 0:37
PK Forward
1 - 77% - 60% - 1:32
2 - 23% - 40% - 0:27
PK Defense
1 - 50% - 60% - 0:59
2 - 50% - 40% - 1:00
PK3 Forward
1 - 0% - 60%
2 - 0% - 40%
PK3 Defense
1 - 0% - 60%
2 - 0% - 40%
44 Forward
1 - 0% - 60%
2 - 0% - 40%
44 Defense
1 - 0% - 60%
2 - 0% - 40%
Last Minute Offensive  - 0:00
Last Minute Defensive  - 0:00
Total
Forward - 60:00
Defense - 60:00

Play by Play

1st period


0:01 of 1st period - T.J. Hensick wins face-off versus Jiri Hudler in neutral zone.
0:56 of 1st period - Chad Ruhwedel is hit by Michael Bournival and loses puck.
1:00 of 1st period - Icing by Brett Kulak.
1:01 of 1st period - Brooks Laich wins face-off versus Andreas Johnsson in Worcester Sharks zone.
1:40 of 1st period - Snap shot by Frank Corrado.
1:40 of 1st period - Shot Blocked by Luke Witkowski.
2:41 of 1st period - Icing by Alan Quine.
2:42 of 1st period - Michael Bournival wins face-off versus Nikita Jevpalovs in Texas Stars zone.
2:57 of 1st period - Slapshot by Phil Varone.
2:57 of 1st period - Stopped by Casey DeSmith with a rebound.
3:49 of 1st period - Snap shot by Phil Varone.
3:49 of 1st period - Stopped by Casey DeSmith without a rebound.
3:50 of 1st period - John McCarthy wins face-off versus Jiri Hudler in Worcester Sharks zone.
3:50 of 1st period - John McCarthy is hit by Craig Cunningham.
3:58 of 1st period - Wrist shot by John McCarthy.
3:58 of 1st period - Shot Misses the Net.
4:00 of 1st period - Snap shot by Teddy Purcell.
4:00 of 1st period - Shot Blocked by Rob Scuderi.
4:02 of 1st period - Wrist shot by Jim O'Brien.
4:02 of 1st period - Stopped by Malcolm Subban with a rebound.
4:04 of 1st period - Slapshot by Chad Ruhwedel.
4:04 of 1st period - Stopped by Malcolm Subban without a rebound.
4:05 of 1st period - Phil Varone wins face-off versus T.J. Hensick in Texas Stars zone.
4:16 of 1st period - Wrist shot by Phil Varone.
4:16 of 1st period - Shot Blocked by Shea Theodore.
4:18 of 1st period - Snap shot by Rob Scuderi.
4:18 of 1st period - Deflect By Shea Theodore.
4:18 of 1st period - Stopped by Casey DeSmith without a rebound.
4:19 of 1st period - Craig Cunningham wins face-off versus T.J. Hensick in Worcester Sharks zone.
5:32 of 1st period - Slapshot by Shea Theodore.
5:32 of 1st period - Shot Blocked by Derrick Pouliot.
5:34 of 1st period - Snap shot by Nikita Jevpalovs.
5:34 of 1st period - Shot Misses the Net.
5:50 of 1st period - Garnet Hathaway is hit by Shea Theodore and loses puck.
5:57 of 1st period - Josh Jacobs is hit by Jim O'Brien and loses puck.
6:32 of 1st period - Frank Corrado is hit by Mike Sislo and loses puck.
7:01 of 1st period - Off-side.
7:02 of 1st period - John McCarthy wins face-off versus Brooks Laich in neutral zone.
7:40 of 1st period - Wrist shot by Shea Theodore.
7:40 of 1st period - Stopped by Malcolm Subban without a rebound.
7:41 of 1st period - Jiri Hudler wins face-off versus T.J. Hensick in Texas Stars zone.
8:06 of 1st period - Brett Kulak is hit by Phil Varone.
8:46 of 1st period - Wrist shot by Teddy Purcell.
8:46 of 1st period - Stopped by Malcolm Subban with a rebound.
8:48 of 1st period - Backhand shot by Brett Kulak.
8:48 of 1st period - Deflect By John McCarthy.
8:48 of 1st period - Stopped by Malcolm Subban with a rebound.
8:50 of 1st period - Slapshot by Chad Ruhwedel.
8:50 of 1st period - Shot Blocked by Derrick Pouliot.
8:52 of 1st period - Wrist shot by Jim O'Brien.
8:52 of 1st period - Stopped by Malcolm Subban with a rebound.
8:54 of 1st period - Snap shot by Teddy Purcell.
8:54 of 1st period - Shot Misses the Net.
8:56 of 1st period - Wrist shot by John McCarthy.
8:56 of 1st period - Shot Misses the Net.
8:58 of 1st period - Backhand shot by Brett Kulak.
8:58 of 1st period - Shot Blocked by Derrick Pouliot.
9:00 of 1st period - Wrist shot by Chad Ruhwedel.
9:00 of 1st period - Deflect By John McCarthy.
9:00 of 1st period - Shot Misses the Net.
9:00 of 1st period - Puck is out of play.
9:01 of 1st period - Phil Varone wins face-off versus T.J. Hensick in Texas Stars zone.
9:08 of 1st period - Backhand shot by Michael Raffl.
9:08 of 1st period - Stopped by Malcolm Subban without a rebound.
9:09 of 1st period - Phil Varone wins face-off versus Travis Boyd in Texas Stars zone.
9:19 of 1st period - Snap shot by Travis Boyd.
9:19 of 1st period - Shot Blocked by Michael Bournival.
9:21 of 1st period - Snap shot by Michael Raffl.
9:21 of 1st period - Deflect By Brad Hunt.
9:21 of 1st period - Stopped by Malcolm Subban without a rebound.
9:22 of 1st period - T.J. Hensick wins face-off versus Jiri Hudler in Texas Stars zone.
9:31 of 1st period - Wrist shot by Jiri Hudler.
9:31 of 1st period - Shot Blocked by T.J. Hensick.
9:33 of 1st period - Slapshot by Brad Hunt.
9:33 of 1st period - Stopped by Casey DeSmith with a rebound.
9:35 of 1st period - Slapshot by Brad Hunt.
9:35 of 1st period - Stopped by Casey DeSmith with a rebound.
9:37 of 1st period - Slapshot by Rob Scuderi.
9:37 of 1st period - Stopped by Casey DeSmith with a rebound.
10:44 of 1st period - Nikita Jevpalovs is hit by Jiri Hudler and loses puck.
10:53 of 1st period - Wrist shot by Michael Raffl.
10:53 of 1st period - Shot Misses the Net.
10:55 of 1st period - Snap shot by Nikita Jevpalovs.
10:55 of 1st period - Shot Misses the Net.
11:35 of 1st period - Teddy Purcell is hit by Rob Scuderi and loses puck.
11:58 of 1st period - Wrist shot by Andreas Johnsson.
11:58 of 1st period - Stopped by Malcolm Subban without a rebound.
11:59 of 1st period - John McCarthy wins face-off versus Brooks Laich in Texas Stars zone.
12:13 of 1st period - Snap shot by Brooks Laich.
12:13 of 1st period - Shot Hit the Post.
12:15 of 1st period - Snap shot by Brooks Laich.
12:15 of 1st period - Shot Blocked by Tyson Strachan.
12:17 of 1st period - Snap shot by Brooks Laich.
12:17 of 1st period - Shot Misses the Net.
12:27 of 1st period - Snap shot by Brad Hunt.
12:27 of 1st period - Stopped by Casey DeSmith with a rebound.
12:29 of 1st period - Backhand shot by Brooks Laich.
12:29 of 1st period - Stopped by Casey DeSmith without a rebound.
12:30 of 1st period - T.J. Hensick wins face-off versus Mike Sislo in Worcester Sharks zone.
12:55 of 1st period - Rob Scuderi is hit by Micheal Haley and loses puck.
13:41 of 1st period - Wrist shot by Michael Raffl.
13:41 of 1st period - Goal by Michael Raffl - Worcester Sharks : 1 - Texas Stars : 0.
13:42 of 1st period - Jiri Hudler wins face-off versus T.J. Hensick in neutral zone.
14:07 of 1st period - Andreas Johnsson is hit by Phil Varone and loses puck.
14:21 of 1st period - Icing by Michael Bournival.
14:22 of 1st period - T.J. Hensick wins face-off versus Phil Varone in Texas Stars zone.
14:25 of 1st period - Wrist shot by Michael Raffl.
14:25 of 1st period - Stopped by Malcolm Subban without a rebound.
14:26 of 1st period - Jiri Hudler wins face-off versus T.J. Hensick in Texas Stars zone.
14:38 of 1st period - Snap shot by Travis Boyd.
14:38 of 1st period - Stopped by Malcolm Subban with a rebound.
14:40 of 1st period - Slapshot by T.J. Hensick.
14:40 of 1st period - Deflect By Travis Boyd.
14:40 of 1st period - Stopped by Malcolm Subban without a rebound.
14:41 of 1st period - Jiri Hudler wins face-off versus Michael Raffl in Texas Stars zone.
17:06 of 1st period - Teddy Purcell is hit by Craig Cunningham and loses puck.
17:13 of 1st period - Wrist shot by Mike Sislo.
17:13 of 1st period - Shot Misses the Net.
17:25 of 1st period - Snap shot by Brad Hunt.
17:25 of 1st period - Deflect By Michael Raffl.
17:25 of 1st period - Stopped by Casey DeSmith without a rebound.
17:26 of 1st period - Phil Varone wins face-off versus T.J. Hensick in Worcester Sharks zone.
17:31 of 1st period - Wrist shot by Phil Varone.
17:31 of 1st period - Stopped by Casey DeSmith with a rebound.
17:44 of 1st period - Off-side.
17:45 of 1st period - Jiri Hudler wins face-off versus Corban Knight in neutral zone.
17:47 of 1st period - Off-side.
17:48 of 1st period - Jiri Hudler wins face-off versus Micheal Haley in neutral zone.
18:03 of 1st period - Slapshot by Shea Theodore.
18:03 of 1st period - Stopped by Malcolm Subban with a rebound.
18:05 of 1st period - Slapshot by Shea Theodore.
18:05 of 1st period - Shot Misses the Net.
18:09 of 1st period - Snap shot by Andreas Johnsson.
18:09 of 1st period - Deflect By Corban Knight.
18:09 of 1st period - Shot Misses the Net.
18:09 of 1st period - Puck is out of play.
18:10 of 1st period - T.J. Hensick wins face-off versus Phil Varone in Texas Stars zone.
18:11 of 1st period - Slapshot by Michael Raffl.
18:11 of 1st period - Stopped by Malcolm Subban without a rebound.
18:12 of 1st period - T.J. Hensick wins face-off versus Phil Varone in Texas Stars zone.
18:25 of 1st period - Slapshot by Alan Quine.
18:25 of 1st period - Shot Blocked by Travis Boyd.
18:27 of 1st period - Snap shot by Michael Bournival.
18:27 of 1st period - Shot Misses the Net.
18:37 of 1st period - Michael Raffl is hit by Rob Scuderi and loses puck.
18:50 of 1st period - Brooks Laich is hit by Travis Boyd and loses puck.
19:10 of 1st period - Off-side.
19:11 of 1st period - Jiri Hudler wins face-off versus John McCarthy in neutral zone.
19:38 of 1st period - Shea Theodore is hit by Tobias Lindberg and loses puck.
Goals for this period are 1 for Worcester Sharks vs 0 for Texas Stars.
Shots for this period are 15 for Worcester Sharks vs 10 for Texas Stars.

2nd period


0:01 of 2nd period - Mike Sislo wins face-off versus T.J. Hensick in neutral zone.
0:04 of 2nd period - Shea Theodore is hit by Jiri Hudler and loses puck.
0:13 of 2nd period - Snap shot by Craig Cunningham.
0:13 of 2nd period - Shot Misses the Net.
0:15 of 2nd period - Snap shot by Jiri Hudler.
0:15 of 2nd period - Deflect By Craig Cunningham.
0:15 of 2nd period - Shot Misses the Net.
0:15 of 2nd period - Puck is out of play.
0:16 of 2nd period - Phil Varone wins face-off versus John McCarthy in Worcester Sharks zone.
0:19 of 2nd period - Snap shot by Phil Varone.
0:19 of 2nd period - Deflect By Alan Quine.
0:19 of 2nd period - Stopped by Casey DeSmith with a rebound.
0:21 of 2nd period - Snap shot by Michael Bournival.
0:21 of 2nd period - Deflect By Shea Theodore.
0:21 of 2nd period - Stopped by Casey DeSmith with a rebound.
0:23 of 2nd period - Slapshot by Michael Bournival.
0:23 of 2nd period - Goal by Michael Bournival - Worcester Sharks : 1 - Texas Stars : 1.
0:24 of 2nd period - Travis Boyd wins face-off versus Jiri Hudler in neutral zone.
1:04 of 2nd period - John McCarthy is hit by Phil Varone and loses puck.
1:21 of 2nd period - Snap shot by John McCarthy.
1:21 of 2nd period - Stopped by Malcolm Subban with a rebound.
1:23 of 2nd period - Snap shot by Teddy Purcell.
1:23 of 2nd period - Stopped by Malcolm Subban without a rebound.
1:24 of 2nd period - Jiri Hudler wins face-off versus T.J. Hensick in Texas Stars zone.
1:58 of 2nd period - Snap shot by Tobias Lindberg.
1:58 of 2nd period - Shot Misses the Net.
2:25 of 2nd period - Alan Quine is hit by Jim O'Brien and loses puck.
2:40 of 2nd period - Snap shot by Mike Sislo.
2:40 of 2nd period - Stopped by Casey DeSmith with a rebound.
2:42 of 2nd period - Snap shot by Craig Cunningham.
2:42 of 2nd period - Shot Misses the Net.
3:40 of 2nd period - Wrist shot by Garnet Hathaway.
3:40 of 2nd period - Stopped by Casey DeSmith with a rebound.
4:04 of 2nd period - Icing by Jim O'Brien.
4:05 of 2nd period - Jiri Hudler wins face-off versus John McCarthy in Worcester Sharks zone.
4:26 of 2nd period - Slapshot by Michael Bournival.
4:26 of 2nd period - Deflect By Alan Quine.
4:26 of 2nd period - Shot Misses the Net.
4:26 of 2nd period - Puck is out of play.
4:27 of 2nd period - Phil Varone wins face-off versus Corban Knight in Worcester Sharks zone.
4:31 of 2nd period - Icing by Shea Theodore.
4:32 of 2nd period - Corban Knight wins face-off versus Phil Varone in Worcester Sharks zone.
4:32 of 2nd period - Corban Knight is hit by Phil Varone.
4:47 of 2nd period - Off-side.
4:48 of 2nd period - Jiri Hudler wins face-off versus T.J. Hensick in neutral zone.
5:13 of 2nd period - Teddy Purcell is hit by Rob Scuderi and loses puck.
5:33 of 2nd period - Icing by John McCarthy.
5:34 of 2nd period - Jiri Hudler wins face-off versus John McCarthy in Worcester Sharks zone.
5:35 of 2nd period - Slapshot by Craig Cunningham.
5:35 of 2nd period - Shot Blocked by Jim O'Brien.
5:37 of 2nd period - Slapshot by Brad Hunt.
5:37 of 2nd period - Shot Blocked by Tyson Strachan.
5:39 of 2nd period - Snap shot by Rob Scuderi.
5:39 of 2nd period - Shot Misses the Net.
5:41 of 2nd period - Slapshot by Brad Hunt.
5:41 of 2nd period - Stopped by Casey DeSmith without a rebound.
5:42 of 2nd period - Jiri Hudler wins face-off versus Michael Raffl in Worcester Sharks zone.
5:45 of 2nd period - Slapshot by Jiri Hudler.
5:45 of 2nd period - Shot Blocked by Michael Raffl.
6:19 of 2nd period - Snap shot by Alan Quine.
6:19 of 2nd period - Stopped by Casey DeSmith with a rebound.
6:25 of 2nd period - Minor Penalty to Micheal Haley for Holding.
6:26 of 2nd period - Michael Raffl wins face-off versus Jiri Hudler in Worcester Sharks zone.
7:17 of 2nd period - Icing by Michael Bournival.
7:18 of 2nd period - Corban Knight wins face-off versus Phil Varone in Texas Stars zone.
7:47 of 2nd period - T.J. Hensick is hit by Craig Cunningham and loses puck.
8:25 of 2nd period - Penalty to Micheal Haley is over, Micheal Haley is back on ice.
8:51 of 2nd period - Wrist shot by Corban Knight.
8:51 of 2nd period - Shot Misses the Net.
8:53 of 2nd period - Slapshot by Shea Theodore.
8:53 of 2nd period - Stopped by Malcolm Subban without a rebound.
8:54 of 2nd period - Joseph Cramarossa wins face-off versus Nikita Jevpalovs in Texas Stars zone.
10:39 of 2nd period - David Musil is hit by Brooks Laich and loses puck.
12:01 of 2nd period - Michael Bournival is hit by Travis Boyd and loses puck.
12:44 of 2nd period - Wrist shot by Brooks Laich.
12:44 of 2nd period - Stopped by Casey DeSmith with a rebound.
12:52 of 2nd period - Wrist shot by Michael Dal Colle.
12:52 of 2nd period - Stopped by Casey DeSmith with a rebound.
14:00 of 2nd period - Icing by Luke Witkowski.
14:01 of 2nd period - John McCarthy wins face-off versus Alan Quine in Texas Stars zone.
14:12 of 2nd period - Backhand shot by Phil Varone.
14:12 of 2nd period - Stopped by Casey DeSmith with a rebound.
14:14 of 2nd period - Snap shot by Alan Quine.
14:14 of 2nd period - Goal by Alan Quine - Worcester Sharks : 1 - Texas Stars : 2.
14:15 of 2nd period - Michael Raffl wins face-off versus Jiri Hudler in neutral zone.
14:18 of 2nd period - Wrist shot by Michael Raffl.
14:18 of 2nd period - Stopped by Malcolm Subban without a rebound.
14:19 of 2nd period - T.J. Hensick wins face-off versus Jiri Hudler in Texas Stars zone.
14:24 of 2nd period - Snap shot by Travis Boyd.
14:24 of 2nd period - Shot Misses the Net.
14:26 of 2nd period - Wrist shot by Tyson Strachan.
14:26 of 2nd period - Stopped by Malcolm Subban with a rebound.
14:28 of 2nd period - Slapshot by Shea Theodore.
14:28 of 2nd period - Stopped by Malcolm Subban with a rebound.
14:30 of 2nd period - Slapshot by T.J. Hensick.
14:30 of 2nd period - Stopped by Malcolm Subban with a rebound.
14:32 of 2nd period - Slapshot by T.J. Hensick.
14:32 of 2nd period - Stopped by Malcolm Subban without a rebound.
14:33 of 2nd period - Jiri Hudler wins face-off versus T.J. Hensick in Texas Stars zone.
14:38 of 2nd period - Wrist shot by Jiri Hudler.
14:38 of 2nd period - Shot Blocked by Tyson Strachan.
14:40 of 2nd period - Wrist shot by Mike Sislo.
14:40 of 2nd period - Stopped by Casey DeSmith with a rebound.
14:42 of 2nd period - Wrist shot by Jiri Hudler.
14:42 of 2nd period - Goal by Jiri Hudler - Worcester Sharks : 1 - Texas Stars : 3.
14:43 of 2nd period - Jiri Hudler wins face-off versus T.J. Hensick in neutral zone.
14:54 of 2nd period - Snap shot by Craig Cunningham.
14:54 of 2nd period - Stopped by Casey DeSmith with a rebound.
15:14 of 2nd period - Michael Bournival is hit by Jim O'Brien and loses puck.
15:15 of 2nd period - Michael Bournival from Texas Stars is injured at 15:15 of 2nd period (Bruised Right Foot).
15:16 of 2nd period - Jiri Hudler wins face-off versus T.J. Hensick in Texas Stars zone.
15:25 of 2nd period - Wrist shot by Travis Boyd.
15:25 of 2nd period - Deflect By T.J. Hensick.
15:25 of 2nd period - Stopped by Malcolm Subban with a rebound.
15:29 of 2nd period - Snap shot by Travis Boyd.
15:29 of 2nd period - Stopped by Malcolm Subban with a rebound.
16:24 of 2nd period - Snap shot by Jiri Hudler.
16:24 of 2nd period - Stopped by Casey DeSmith with a rebound.
16:26 of 2nd period - Snap shot by Mike Sislo.
16:26 of 2nd period - Stopped by Casey DeSmith without a rebound.
16:27 of 2nd period - Phil Varone wins face-off versus T.J. Hensick in Worcester Sharks zone.
16:28 of 2nd period - Slapshot by Alan Quine.
16:28 of 2nd period - Stopped by Casey DeSmith without a rebound.
16:29 of 2nd period - Phil Varone wins face-off versus T.J. Hensick in Worcester Sharks zone.
16:37 of 2nd period - Slapshot by Shea Theodore.
16:37 of 2nd period - Shot Misses the Net.
16:39 of 2nd period - Snap shot by Michael Raffl.
16:39 of 2nd period - Stopped by Malcolm Subban without a rebound.
16:40 of 2nd period - Phil Varone wins face-off versus T.J. Hensick in Texas Stars zone.
17:29 of 2nd period - Backhand shot by Micheal Haley.
17:29 of 2nd period - Shot Misses the Net.
17:31 of 2nd period - Slapshot by Andreas Johnsson.
17:31 of 2nd period - Goal by Andreas Johnsson - Worcester Sharks : 2 - Texas Stars : 3.
17:32 of 2nd period - Travis Boyd wins face-off versus Jiri Hudler in neutral zone.
17:39 of 2nd period - Slapshot by Travis Boyd.
17:39 of 2nd period - Shot Misses the Net.
18:24 of 2nd period - Snap shot by Michael Raffl.
18:24 of 2nd period - Shot Misses the Net.
19:36 of 2nd period - Slapshot by Teddy Purcell.
19:36 of 2nd period - Shot Blocked by Josh Jacobs.
19:50 of 2nd period - Brooks Laich is hit by Travis Boyd and loses puck.
Goals for this period are 1 for Worcester Sharks vs 3 for Texas Stars.
Shots for this period are 12 for Worcester Sharks vs 17 for Texas Stars.

3rd period


0:01 of 3rd period - Jiri Hudler wins face-off versus T.J. Hensick in neutral zone.
0:06 of 3rd period - Snap shot by Mike Sislo.
0:06 of 3rd period - Shot Misses the Net.
0:08 of 3rd period - Snap shot by Mike Sislo.
0:08 of 3rd period - Stopped by Casey DeSmith without a rebound.
0:09 of 3rd period - Craig Cunningham wins face-off versus T.J. Hensick in Worcester Sharks zone.
0:16 of 3rd period - Wrist shot by Craig Cunningham.
0:16 of 3rd period - Shot Misses the Net.
0:18 of 3rd period - Slapshot by Rob Scuderi.
0:18 of 3rd period - Stopped by Casey DeSmith without a rebound.
0:19 of 3rd period - T.J. Hensick wins face-off versus Jiri Hudler in Worcester Sharks zone.
2:34 of 3rd period - Backhand shot by Garnet Hathaway.
2:34 of 3rd period - Shot Blocked by Micheal Haley.
3:00 of 3rd period - Snap shot by T.J. Hensick.
3:00 of 3rd period - Stopped by Malcolm Subban without a rebound.
3:01 of 3rd period - T.J. Hensick wins face-off versus Phil Varone in Texas Stars zone.
3:39 of 3rd period - Snap shot by Brooks Laich.
3:39 of 3rd period - Stopped by Casey DeSmith with a rebound.
7:19 of 3rd period - Nelson Nogier is hit by Garnet Hathaway.
8:22 of 3rd period - John McCarthy is hit by Brooks Laich and loses puck.
8:51 of 3rd period - Snap shot by Teddy Purcell.
8:51 of 3rd period - Stopped by Malcolm Subban with a rebound.
10:11 of 3rd period - Off-side.
10:12 of 3rd period - Nikita Jevpalovs wins face-off versus Joseph Cramarossa in neutral zone.
10:35 of 3rd period - Derrick Pouliot is hit by Michael Raffl.
10:36 of 3rd period - Icing by Derrick Pouliot.
10:37 of 3rd period - T.J. Hensick wins face-off versus Joseph Cramarossa in Texas Stars zone.
10:40 of 3rd period - Snap shot by Michael Raffl.
10:40 of 3rd period - Stopped by Malcolm Subban without a rebound.
10:41 of 3rd period - Phil Varone wins face-off versus John McCarthy in Texas Stars zone.
10:48 of 3rd period - Slapshot by Brad Hunt.
10:48 of 3rd period - Shot Misses the Net.
11:05 of 3rd period - Icing by Tobias Lindberg.
11:06 of 3rd period - T.J. Hensick wins face-off versus Brooks Laich in Texas Stars zone.
11:37 of 3rd period - Wrist shot by Brooks Laich.
11:37 of 3rd period - Shot Misses the Net.
11:39 of 3rd period - Backhand shot by Garnet Hathaway.
11:39 of 3rd period - Deflect By Tobias Lindberg.
11:39 of 3rd period - Deflect By Andreas Johnsson.
11:39 of 3rd period - Shot Blocked by Chad Ruhwedel.
11:39 of 3rd period - Puck is out of play.
11:40 of 3rd period - Corban Knight wins face-off versus Jiri Hudler in Worcester Sharks zone.
12:13 of 3rd period - Slapshot by Andreas Johnsson.
12:13 of 3rd period - Shot Hit the Post.
12:23 of 3rd period - Slapshot by Joseph Cramarossa.
12:23 of 3rd period - Stopped by Casey DeSmith with a rebound.
12:25 of 3rd period - Slapshot by Jiri Hudler.
12:25 of 3rd period - Shot Hit the Post.
12:33 of 3rd period - Slapshot by Brett Kulak.
12:33 of 3rd period - Deflect By Andreas Johnsson.
12:33 of 3rd period - Stopped by Malcolm Subban with a rebound.
12:39 of 3rd period - Snap shot by Garnet Hathaway.
12:39 of 3rd period - Shot Misses the Net.
12:41 of 3rd period - Backhand shot by Rob Scuderi.
12:41 of 3rd period - Shot Blocked by Brett Kulak.
12:43 of 3rd period - Snap shot by Garnet Hathaway.
12:43 of 3rd period - Stopped by Casey DeSmith with a rebound.
12:45 of 3rd period - Snap shot by Tobias Lindberg.
12:45 of 3rd period - Stopped by Casey DeSmith with a rebound.
13:19 of 3rd period - Alan Quine is hit by T.J. Hensick.
14:15 of 3rd period - Wrist shot by Shea Theodore.
14:15 of 3rd period - Stopped by Malcolm Subban without a rebound.
14:16 of 3rd period - Mike Sislo wins face-off versus John McCarthy in Texas Stars zone.
14:25 of 3rd period - Slapshot by Jim O'Brien.
14:25 of 3rd period - Shot Misses the Net.
14:27 of 3rd period - Snap shot by John McCarthy.
14:27 of 3rd period - Shot Misses the Net.
14:29 of 3rd period - Wrist shot by John McCarthy.
14:29 of 3rd period - Shot Blocked by Craig Cunningham.
14:31 of 3rd period - Snap shot by Jim O'Brien.
14:31 of 3rd period - Stopped by Malcolm Subban without a rebound.
14:32 of 3rd period - Brooks Laich wins face-off versus Teddy Purcell in Texas Stars zone.
15:58 of 3rd period - Minor Penalty to Luke Witkowski for Boarding.
15:59 of 3rd period - Jiri Hudler wins face-off versus T.J. Hensick in Texas Stars zone.
16:25 of 3rd period - Snap shot by Teddy Purcell.
16:25 of 3rd period - Shot Misses the Net.
16:27 of 3rd period - Slapshot by Jim O'Brien.
16:27 of 3rd period - Stopped by Malcolm Subban with a rebound.
16:59 of 3rd period - Teddy Purcell is hit by Josh Jacobs and loses puck.
17:58 of 3rd period - Penalty to Luke Witkowski is over, Luke Witkowski is back on ice.
18:08 of 3rd period - Slapshot by Chad Ruhwedel.
18:08 of 3rd period - Shot Blocked by Garnet Hathaway.
18:10 of 3rd period - Backhand shot by Corban Knight.
18:10 of 3rd period - Stopped by Malcolm Subban without a rebound.
18:11 of 3rd period - Phil Varone wins face-off versus Andreas Johnsson in Texas Stars zone.
18:45 of 3rd period - Snap shot by Phil Varone.
18:45 of 3rd period - Shot Misses the Net.
18:47 of 3rd period - Slapshot by Luke Witkowski.
18:47 of 3rd period - Shot Blocked by Mirco Mueller.
18:49 of 3rd period - Slapshot by Rob Scuderi.
18:49 of 3rd period - Deflect By Brooks Laich.
18:49 of 3rd period - Goal by Brooks Laich - Worcester Sharks : 2 - Texas Stars : 4.
18:50 of 3rd period - T.J. Hensick wins face-off versus Jiri Hudler in neutral zone.
18:53 of 3rd period - Snap shot by Michael Raffl.
18:53 of 3rd period - Shot Blocked by Brad Hunt.
18:57 of 3rd period - Slapshot by Michael Raffl.
18:57 of 3rd period - Stopped by Malcolm Subban with a rebound.
18:59 of 3rd period - Backhand shot by Tyson Strachan.
18:59 of 3rd period - Deflect By Michael Raffl.
18:59 of 3rd period - Stopped by Malcolm Subban without a rebound.
19:00 of 3rd period - Jiri Hudler wins face-off versus T.J. Hensick in Texas Stars zone.
19:10 of 3rd period - Off-side.
19:11 of 3rd period - Nikita Jevpalovs wins face-off versus Phil Varone in neutral zone.
19:16 of 3rd period - Snap shot by Remi Elie.
19:16 of 3rd period - Shot Blocked by Alan Quine.
19:18 of 3rd period - Slapshot by Tyson Strachan.
19:18 of 3rd period - Shot Misses the Net.
19:20 of 3rd period - Slapshot by Shea Theodore.
19:20 of 3rd period - Stopped by Malcolm Subban with a rebound.
19:26 of 3rd period - Snap shot by Michael Raffl.
19:26 of 3rd period - Stopped by Malcolm Subban without a rebound.
19:27 of 3rd period - John McCarthy wins face-off versus Phil Varone in Texas Stars zone.
19:50 of 3rd period - Jim O'Brien is hit by Phil Varone and loses puck.
Goals for this period are 0 for Worcester Sharks vs 1 for Texas Stars.
Shots for this period are 12 for Worcester Sharks vs 7 for Texas Stars.